 Dungeon Crawl Stone Soup version 0.25-a0-700-g7f8a797 (webtiles) character file.

Game seed: 11187299897184903302, levelgen mode: deterministic

64 BlueFish the Chucker (level 3, -2/35 HPs)
             Began as a Troll Hunter on Apr 3, 2020.
             Shot with an arrow by a centaur (4 damage)
             ... on level 2 of the Dungeon.
             The game lasted 00:03:59 (942 turns).

BlueFish the Chucker (Troll Hunter)                  Turns: 942, Time: 00:03:59

Health: -2/35      AC:  7    Str: 21    XL:     3   Next: 91%
Magic:  2/2        EV: 10    Int:  7    God:
Gold:   46         SH:  0    Dex: 10    Spells: 2/2 levels left

rFire    . . .     SeeInvis +     - Unarmed
rCold    . . .     Gourm    +   (no shield)
rNeg     . . .     Faith    .   b - +0 robe
rPois    .         Spirit   .   k - +1 hat {SInv}
rElec    .         Reflect  .   (no cloak)
rCorr    .         Harm     .   (gloves unavailable)
MR       .....                  (boots unavailable)
Stlth    +.........             (no amulet)
HPRegen  0.51/turn              (no ring)
MPRegen  0.08/turn              (no ring)

@: no status effects
A: large, unfitting armour, claws 3, fast metabolism 3, gourmand, regeneration
1, shaggy fur 1, tough skin 3
a: no special abilities


You were on level 2 of the Dungeon.
You were completely stuffed.

You visited 1 branch of the dungeon, and saw 2 of its levels.

You collected 46 gold pieces.

Inventory:

Missiles
 c - 5 large rocks (quivered)
 d - 2 throwing nets
Armour
 b - a +0 robe (worn)
 k - a +1 hat of see invisible (worn)
Scrolls
 a - a scroll of fear
 i - a scroll of magic mapping {unknown}
 j - a scroll of identify
 l - a scroll of amnesia {unknown}
 n - a scroll of random uselessness {unknown}
Potions
 e - a potion of curing
 h - a potion of lignification {unknown}
 m - a potion of magic {unknown}
Comestibles
 f - 7 rations
 g - 5 chunks of flesh


   Skills:
 * Level 2.0 Fighting
 + Level 4.1 Throwing
 + Level 1.7 Dodging
 + Level 0.3 Stealth
 * Level 2.1 Unarmed Combat


You had 2 spell levels left.
You didn't know any spells.
Your spell library was empty.

Dungeon Overview and Level Annotations

Branches:
Dungeon (2/15)

Altars:


Innate Abilities, Weirdness & Mutations

You are too large for most types of armour.
You have claws for hands.
Your metabolism is lightning-fast.
You like to eat raw meat.
Your natural rate of healing is unusually fast.
You are covered in fur. (AC +1)
You have extremely tough skin. (AC +3)


Message History

The centaur shouts!
The centaur wields a +0 shortbow.
The centaur shoots an arrow.
The arrow misses you.
The centaur shoots an arrow.
The arrow hits you.
You completely miss the ogre. The ogre barely misses you.
You claw the ogre!
The ogre is moderately wounded.
The centaur shoots an arrow.
The arrow hits you. The ogre barely misses you.
The centaur shoots an arrow.
The arrow hits you!
You barely miss the ogre.
The ogre is moderately wounded.
The centaur shoots an arrow.
The arrow hits you.
You scratch the ogre.
The ogre is moderately wounded.
The ogre misses you.
The ogre hits you with a cursed -2 giant spiked club!
* * * LOW HITPOINT WARNING * * *
You see here an arrow.
The centaur shoots an arrow.
The arrow hits you.
You die...

.#......###.## #####....
.... ...##..####.#.#
.#.##..# #.#.# .#.....#
#.# # .....#.# #.# #
.....#.# ##.#######.##.#
.....#.# #.....#........
.......###..#.##@###.#.
.....#.........(.......#
.....#รท........(O......#
.....#.................#
.....#...........c....>.
.....##########....<..##
.....# #.......#
.....#### #.......#
........### #.%.....#


You could see an ogre and a centaur.

Vanquished Creatures
  An adder (D:2)
  An ooze (D:1)
  4 dart slugs
  A leopard gecko (D:2)
  A goblin (D:1)
  10 hobgoblins
  4 jackals (D:2)
  A quokka (D:2)
  3 bats
  3 frilled lizards
  8 kobolds
  2 rats
39 creatures vanquished.

Notes
Turn   | Place    | Note
-------+----------+-------------------------------------------
     0 | D:1      | BlueFish the Troll Hunter began the quest for the Orb.
     0 | D:1      | Reached XP level 1. HP: 19/19 MP: 0/0
    76 | D:1      | Reached XP level 2. HP: 28/28 MP: 1/1
   187 | D:1      | Reached skill level 4 in Throwing
   264 | D:1      | Reached skill level 1 in Unarmed Combat
   529 | D:2      | Reached XP level 3. HP: 21/35 MP: 2/2
   932 | D:2      | Noticed an ogre
   934 | D:2      | Noticed a centaur
   941 | D:2      | HP: 1/35 [ogre/cursed -2 giant spiked club (12)]
   942 | D:2      | Shot with an arrow by a centaur

Levels and vault maps discovered:
D:1:      dpeg_arrival_shrine, layout_basic
D:2:      layout_basic, first_ration

Skill      XL: |  1  2  3 |
---------------+----------+-----
Throwing       | 4 |  4.1
Unarmed Combat | 1 2 |  2.1
Fighting       | 2 |  2.0
Dodging        | |  1.7
Stealth        | |  0.3

Action                   || total
-------------------------++-------
Melee: Unarmed           ||   136
       Short sword       ||     8
  Use: Scroll            ||     2
  Eat: Chunk             ||    14
Armor: Robe              ||    51
Dodge: Dodged            ||    79

Table legend:
 A = Non-vault XP
 B = Vault XP
 C = Vault XP percentage of total XP
 D = Non-vault monster count
 E = Vault monster count
 F = Vault count percentage of total count
                 A         B        C        D         E       F
            +---------+---------+-------+---------+---------+-------
      Total |      92 |       0 |   0.0 |      39 |       0 |   0.0
            +---------+---------+-------+---------+---------+-------
        D:1 |      40 |       0 |   0.0 |      19 |       0 |   0.0
        D:2 |      52 |       0 |   0.0 |      20 |       0 |   0.0
            +---------+---------+-------+---------+---------+-------
